Unix NetHack Version 5.0.0-0 post-release - last build May  4 2026 22:22:43 (774f63e81ad911689b3a0859ea89b322d5daca8d,branch:main).

Game began 2026-05-06 09:21:34, ended 2026-05-07 07:25:30.

BSL2425737, lawful female dwarven Valkyrie

 -----          ----------------
 |[[).|        #.........<.....|
 |[[[.-#       #|.....^........|
 |[[[.|#       #|..............|
 |[[[. #       #|.....d@........##
 |[[[  #       #----------------
 ----  #       ##
       #        #
       #        #
       #        #
     ###        #
     #          #
     #----------#
     #|........-#
     #.........|
      |........|
      ----------

BSL2425737 the Skirmisher   St:18/02 Dx:13 Co:17 In:7 Wi:10 Ch:8  Lawful
Dlvl:3  $:23 HP:33(33) Pw:7(7) AC:6  Xp:3 T:2250 

Latest messages:
 You feel a bit steadier now.
 You kill the grid bug!
 In what direction? 6
 Ouch!  That hurts!
 You find a hidden door.
 The door resists!
 The door opens.
 In what direction? 2
 Ouch!  That hurts!
 Your movements are slowed slightly because of your load.
 Your leg feels better.
 Your movements are now unencumbered.
 You miss the kobold zombie.
 You destroy the kobold zombie!
 You see here a kobold corpse.
 You see here a kobold corpse.
 You have a little trouble lifting a kobold corpse.  Continue? [ynq] (q) n
 You descend the stairs.
 You stop.  Your little dog is in the way!
 You swap places with your little dog.
 You see here a chest.
 You have trouble lifting a chest.  Continue? [ynq] (q) n
 In what direction? 8
 You see no door there.
 In what direction? 2
 Seems like something lootable over there.
 You see here a chest.
 Pick a monster, object or location.
 Move cursor to a monster, object or location:
 Unknown direction: 'c' (use '4', '2', '8', '6' or '.').
 Automatic description is off.
 Move cursor to a monster, object or location:
 Automatic description is on.
 Automatic description is off.
 Move cursor to a monster, object or location:
 Automatic description is on.
 Unknown direction: 'q' (use '4', '2', '8', '6' or '.').
 Unknown direction: 'u' (use '4', '2', '8', '6' or '.').
 Unknown direction: 'i' (use '4', '2', '8', '6' or '.').
 Unknown direction: 't' (use '4', '2', '8', '6' or '.').
 Automatic description is off.
 Move cursor to a monster, object or location:
 c - an uncursed +3 small shield (being worn).
 Autopickup: ON, for all objects.
 Really quit without saving? [yn] (n) y
 Do you want your possessions identified? [ynq] (y) y
 Do you want to see your attributes? [ynq] (y) y
 Do you want an account of creatures vanquished? [ynaq] (y) y
 Do you want to see your conduct and achievements? [ynq] (y) y
 Do you want to see the dungeon overview? [ynq] (y) y

Inventory:
 Coins    ('$')
  $ - 23 gold pieces
 Weapons  (')')
  f - 21 +0 darts
  q - 13 cursed -3 darts
  b - a +0 dagger (alternate weapon; not wielded)
  a - a corroded +1 dwarvish spear (weapon in right hand)
  j - a +0 silver spear
  l - a +0 scimitar
 Armor    ('[')
  s - an uncursed +0 orcish helm
  c - an uncursed +3 small shield (being worn)
 Comestibles  ('%')
  g - an uncursed tripe ration
  d - a cursed tripe ration
  u - an uncursed tin of pickled goblin meat
 Spellbooks  ('+')
  r - an uncursed spellbook of chain lightning
 Potions  ('!')
  m - a blessed potion of acid
  k - an uncursed potion of blindness
  t - a blessed potion of confusion
  o - an uncursed potion of enlightenment
  p - a blessed potion of healing
  n - an uncursed potion of object detection
 Tools    ('(')
  e - an uncursed locked large box containing 2 items
 Gems/Stones  ('*')
  h - an uncursed worthless piece of yellowish brown glass

Contents of the large box:
  an uncursed spellbook of sleep
  2 uncursed potions of healing

BSL2425737 the Valkyrie's attributes:

Background:
 You were a Skirmisher, a level 3 dwarven Valkyrie.
 You were lawful, nominally on a mission for Tyr
 who was opposed by Odin (neutral) and Loki (chaotic).
 You were right-handed.
 You were in the Dungeons of Doom, on level 3.
 You entered the dungeon 2250 turns ago.
 You had 76 experience points, 4 more were needed to attain level 4.

Basics:
 You had all 33 hit points.
 You had all 7 energy points (spell power).
 Your armor class was 6.
 Your wallet contained 23 zorkmids.
 Autopickup was on for all types.

Final Characteristics:
 Your strength was 18/02 (limit:18/100).
 Your dexterity was 13 (limit:20).
 Your constitution was 17 (limit:20).
 Your intelligence was 7 (limit:16).
 Your wisdom was 10 (limit:16).
 Your charisma was 8 (limit:16).

Final Status:
 You weren't hungry.
 You were unencumbered.
 You were wielding a spear.
 You had basic skill with spear.

Final Attributes:
 You were piously aligned.
 You were cold resistant.
 You had infravision.
 You were stealthy.
 You survived.

Miscellaneous:
 You didn't encounter any bones levels.
 Total elapsed playing time was 3 hours, 27 minutes and 50 seconds.

Major events:
 Turn
    1: BSL2425737 the lawful dwarven Valkyrie entered the dungeon
  727: attained the rank of Skirmisher (level 3)
 2250: quit

You didn't know any spells.

Skills:
 Fighting Skills
   bare handed combat [Unskilled]
   two weapon combat  [Unskilled]
   riding             [Unskilled]
 Weapon Skills
   dagger             [Basic]
   axe                [Unskilled]
   pick-axe           [Unskilled]
   short sword        [Unskilled]
   broadsword         [Unskilled]
   long sword         [Unskilled]
   two-handed sword   [Unskilled]
   saber              [Unskilled]
   hammer             [Unskilled]
   quarterstaff       [Unskilled]
   polearms           [Unskilled]
   spear              [Basic]
   trident            [Unskilled]
   lance              [Unskilled]
   sling              [Unskilled]
 Spellcasting Skills
   attack spells      [Unskilled]
   escape spells      [Unskilled]

Voluntary challenges:
 Character rerolling was not enabled.
 You were an atheist.
 You were illiterate.
 You never genocided any monsters.
 You never polymorphed an object.
 You never changed form.
 You used no wishes.
Achievements:
 You entered a shop.
 You attained the rank of Skirmisher.

 The Dungeons of Doom: levels 1 to 3
    Level 1:
       An altar, a fountain, a grave.
    Level 2:
    Level 3: <- You were here.
       An armor shop.


Vanquished creatures:
  2 acid blobs
  3 manes
  a large kobold
  a gecko
  4 kobolds
  3 goblins
  a sewer rat
  3 grid bugs
  a lichen
  2 kobold zombies
  3 newts
24 creatures vanquished.

No species were genocided or became extinct.

Farvel BSL2425737 the Valkyrie...

You quit in The Dungeons of Doom on dungeon level 3 with 427 points,
and 23 pieces of gold, after 2250 moves.
You were level 3 with a maximum of 33 hit points when you quit.

